AoeStats
← 军军

Arabia

510311767Analyzed
1v1 RM · 2d ago on Sep 30, 2026· 27m 0s· 2 players
Game mode
Random Map
Map size
Tiny (2 player)
Population
200
Speed
Normal
Resources
Standard
Victory
Conquest
Starting age
Dark Age
Ending age
Imperial Age
RankedLock teamsTeams togetherTeam positionsShared explorationLock speedFull tech treeHidden civsTurbo modeCheats
Victory
Defeat
🇨🇳 Teutons · China
842
+15
🇮🇳 Byzantines · India
810
-15
retinderdeepsingh
2:53 Loom
13:28 Feudal Age
16:32 Fletching
19:56 Padded Archer Armor
军军
6:11 Loom
10:46 Feudal Age
11:21 Man-at-Arms
13:40 Scale Mail Armor
15:57 Double-Bit Axe
15:53 Horse Collar
16:59 Wheelbarrow
16:22 Arson
24:37 Castle Age
23:33 Forging
25:02 Bloodlines
25:47 Squires
Connection lost

Rejoining the realm…

Still unreachable

The connection could not be restored.

Session expired

The server has moved on; the page needs a fresh start.